 Dungeon Crawl Stone Soup version 0.31-a0-4-gefa6de2278 (webtiles) character file.

Game seed: 15656124507095675863

2367995 Chudface the Merry Kobold (level 27, 206/206 HPs)
             Began as a Kobold Brigand on May 2, 2023.
             Was the Champion of Wu Jian.
             Escaped with the Orb
             ... and 4 runes on May 4, 2023!
             The game lasted 09:08:26 (67293 turns).

Chudface the Merry Kobold (Kobold Brigand)         Turns: 67293, Time: 09:08:27

Health: 206/206    AC: 40    Str: 16    XL:     27
Magic:  21/21      EV: 23    Int:  4    God:    Wu Jian [******]
Gold:   3057       SH:  0    Dex: 24    Spells: 22/36 levels left

rFire   + + +        a - +27 heavy crossbow "Sniper" {heavy, Acc+∞ SInv}
rCold   + . .        (shield currently unavailable)
rNeg    . . .        w - +10 storm dragon scales
rPois   +            E - +2 helmet of the Lost Path {rF++ Int-5}
rElec   +            D - +2 cloak {Will+}
rCorr   +            L - +0 pair of gloves "Zumesm" {rF+ Slay+3}
SInv    +            v - +2 pair of boots {Fly}
Will    +++..        l - amulet "Dimnul" {Regen+ rCorr}
Stlth   +++          V - ring of Eternal Harmony {rPois rF+}
HPRegen 1.34/turn    Z - ring of the Tick {rC+ Str+3 Int-5}
MPRegen 0.17/turn

%: no passive effects
@: flying, studying Stealth
A: small, no large weapons, nightstalker 3, low MP 3, robust 1, wild magic 1
0: Orb of Zot
}: 4/15 runes: decaying, slimy, silver, gossamer
a: Renounce Religion, Wall Jump, Serpent's Lash, Heavenly Storm


You escaped.
You worshipped Wu Jian.
Wu Jian was exalted by your worship.
You visited 11 branches of the dungeon, and saw 53 of its levels.
You visited 1 bazaar.
You also visited: Sewer, Gauntlet, Volcano and Desolation.

You collected 7569 gold pieces.
You spent 4512 gold pieces at shops.

Inventory:

Hand Weapons
 a - the +27 heavy crossbow "Sniper" (weapon) {heavy, Acc+∞ SInv}
   (You found it on level 4 of the Depths)

   Acc+∞: It never misses its target.
   SInv:      It lets you see invisible.
 b - the +11 dagger of the Grinning Gods {spect, Int+2}
   (You found it in the Desolation of Salt)

   Int:       It affects your intelligence (+2).
 c - the +9 sword of Zonguldrok {reap}
   (You took it off a deep elf death mage on level 3 of the Elven Halls)
 d - a +9 antimagic hand crossbow
Missiles
 Y - 5 curare-tipped darts
Armour
 p - a +2 kite shield of fire resistance
 v - a +2 pair of boots of flying (worn)
 w - +10 storm dragon scales (worn)
 D - a +2 cloak of willpower (worn)
 E - the +2 helmet of the Lost Path (worn) {rF++ Int-5}
   (You acquired it on level 3 of the Elven Halls)

   Int:       It affects your intelligence (-5).
   rF:        It greatly protects you from fire.
 L - the +0 pair of gloves "Zumesm" (worn) {rF+ Slay+3}
   (You found it on level 5 of the Vaults)

   Slay:      It affects your accuracy & damage with ranged weapons and melee
   (+3).
   rF:        It protects you from fire.
Jewellery
 l - the amulet "Dimnul" (around neck) {Regen+ rCorr}
   (You took it off a deep elf blademaster on level 3 of the Elven Halls)

   [amulet of regeneration]

   Regen:     It increases your rate of health regeneration.
   rCorr:     It protects you from acid and corrosion.
 x - the ring "Wamul" {SInv Stlth+}
   (You bought it in a shop in a bazaar)

   [ring of see invisible]

   SInv:      It lets you see invisible.
   Stlth:     It makes you more stealthy.
 I - a ring of protection from cold
 M - the ring "Xozxeud" {+Blink rElec rC- rN++ EV+5}
   (You acquired it on level 1 of the Vaults)

   [ring of evasion]

   EV:        It affects your evasion (+5).
   rC:        It makes you vulnerable to cold.
   rElec:     It insulates you from electricity.
   rN:        It greatly protects you from negative energy.
   +Blink:    It lets you blink.
 O - a ring of flight
 U - a ring of willpower
 V - the ring of Eternal Harmony (left hand) {rPois rF+}
   (You found it in the Desolation of Salt)

   [ring of poison resistance]

   rF:        It protects you from fire.
   rPois:     It protects you from poison.
 Z - the ring of the Tick (right hand) {rC+ Str+3 Int-5}
   (You found it on level 3 of the Dungeon)

   [ring of protection from cold]

   Str:       It affects your strength (+3).
   Int:       It affects your intelligence (-5).
   rC:        It protects you from cold.
Wands
 J - a wand of digging (16)
 T - a wand of iceblast (20)
 X - a wand of quicksilver (10)
Scrolls
 e - 3 scrolls of enchant armour
 f - a scroll of magic mapping
 j - 18 scrolls of fog
 k - 15 scrolls of teleportation
 o - 2 scrolls of blinking
 t - 5 scrolls of noise
 y - 11 scrolls of brand weapon
 z - 5 scrolls of torment
 K - 4 scrolls of immolation
 N - a scroll of silence
 P - 5 scrolls of poison
 Q - 12 scrolls of fear
Potions
 g - 26 potions of curing
 h - 9 potions of attraction
 i - 5 potions of haste
 n - 5 potions of berserk rage
 q - 16 potions of ambrosia
 r - 2 potions of resistance
 u - 7 potions of magic
 C - 3 potions of heal wounds
 F - 9 potions of lignification
 H - 12 potions of mutation
 R - a potion of might
 S - 4 potions of cancellation
Miscellaneous
 m - a lightning rod (4/4)
 s - a box of beasts
 A - a phial of floods
 B - a phantom mirror
 W - a condenser vane


   Skills:
 - Level 23.0 Fighting
 - Level 13.9(19.6) Short Blades
 - Level 15.0(16.0) Long Blades
 O Level 27 Ranged Weapons
 - Level 3.0 Throwing
 - Level 16.3 Armour
 + Level 20.1 Dodging
 O Level 27 Stealth
 - Level 10.0 Shields
 - Level 5.0 Spellcasting
 - Level 14.0 Hexes
 - Level 8.0 Translocations
 - Level 16.0 Evocations


You had 22 spell levels left.
You knew the following spells:

 Your Spells              Type           Power      Damage    Failure   Level
a - Apportation           Tloc           18%        N/A       13%         1
b - Blink                 Tloc           18%        N/A       21%         2
c - Portal Projectile     Hex/Tloc       24%        N/A       12%         3
d - Lesser Beckoning      Tloc           18%        N/A       21%         2
e - Tukima's Dance        Hex            15%        N/A       4%          3
f - Confusing Touch       Hex            15%        N/A       4%          3

Your spell library contained the following spells:

 Spells                   Type           Power      Damage    Failure   Level
 Slow                     Hex            60%        N/A       1%          1
 Dazzling Flash           Conj/Hex       16%        N/A       47%         3
 Inner Flame              Hex/Fire       8%         N/A       47%         3
 Momentum Strike          Conj/Tloc      10%        3d8       65%         2
 Passage of Golubria      Tloc           9%         N/A       73%         4
 Vhi's Electric Charge    Tloc/Air       10%        N/A       86%         3
 Fulminant Prism          Conj/Hex       4%         3d5       86%         4
 Leda's Liquefaction      Hex/Erth       4%         N/A       86%         4
 Foxfire                  Conj/Fire      4%         2x1d4     96%         1
 Freeze                   Ice            4%         1d3       96%         1
 Kiss of Death            Conj/Necr      4%         2d5       96%         1
 Magic Dart               Conj           4%         1d3       96%         1
 Necrotise                Necr           4%         1d4       96%         1
 Sting                    Tmut/Pois      4%         1d3       96%         1
 Summon Small Mammal      Summ           4%         N/A       96%         1
 Call Imp                 Summ           2%         N/A       99%         2
 Cigotuvi's Dreadful Rot  Necr/Pois/Air  2%         N/A       99%         2
 Poisonous Vapours        Pois/Air       2%         N/A       99%         2
 Searing Ray              Conj           2%         2d4       99%         2
 Sublimation of Blood     Necr           1%         N/A       99%         2
 Wereblood                Tmut           1%         N/A       99%         2
 Silence                  Hex/Air        4%         N/A       99%         5
 Summon Mana Viper        Hex/Summ       8%         N/A       99%         5
 Yara's Violent Unravell  Hex/Tmut       4%         3d4       99%         5
 Call Canine Familiar     Summ           1%         N/A       100%        3
 Frozen Ramparts          Ice            2%         1d1       100%        3
 Hailstorm                Conj/Ice       1%         3d3       100%        3
 Ignite Poison            Fire/Tmut/Pois 1%         N/A       100%        3
 Mephitic Cloud           Conj/Pois/Air  1%         N/A       100%        3
 Ozocubu's Armour         Ice            1%         N/A       100%        3
 Stone Arrow              Conj/Erth      2%         3d7       100%        3
 Vampiric Draining        Necr           1%         2d6       100%        3
 Airstrike                Air            0%         2d(1-17)  100%        4
 Animate Armour           Summ/Erth      2%         N/A       100%        4
 Animate Dead             Necr           1%         N/A       100%        4
 Flame Wave               Conj/Fire      1%         2d4       100%        4
 Ice Form                 Ice/Tmut       1%         N/A       100%        4
 Petrify                  Tmut/Erth      1%         N/A       100%        4
 Sticky Flame             Conj/Fire      1%         2d3       100%        4
 Summon Ice Beast         Ice/Summ       1%         N/A       100%        4
 Summon Lightning Spire   Summ/Air       1%         N/A       100%        4
 Agony                    Necr           1%         N/A       100%        5
 Arcjolt                  Conj/Air       0%         1d10      100%        5
 Blade Hands              Tmut           0%         N/A       100%        5
 Borgnjor's Vile Clutch   Necr/Erth      0%         N/A       100%        5
 Fireball                 Conj/Fire      0%         3d3       100%        5
 Freezing Cloud           Conj/Ice/Air   0%         6-21      100%        5
 Irradiate                Conj/Tmut      0%         3d11      100%        5
 Iskenderun's Battlesphe  Conj           1%         2d6       100%        5
 Conjure Ball Lightning   Conj/Air       0%         3x3d6     100%        6
 Death Channel            Necr           0%         N/A       100%        6
 Plasma Beam              Fire/Air       0%         2x1d11    100%        6
 Simulacrum               Ice/Necr       0%         N/A       100%        6
 Starburst                Conj/Fire      0%         6d3       100%        6
 Haunt                    Necr/Summ      0%         N/A       100%        7
 Malign Gateway           Summ/Tloc      2%         N/A       100%        7
 Monstrous Menagerie      Summ           0%         N/A       100%        7
 Orb of Destruction       Conj           0%         9d5       100%        7
 Ozocubu's Refrigeration  Ice            0%         4d7       100%        7
 Storm Form               Tmut/Air       0%         N/A       100%        7
 Summon Hydra             Summ           0%         N/A       100%        7
 Ignition                 Fire           0%         3d3       100%        8
 Infestation              Necr           0%         N/A       100%        8
 Lehudib's Crystal Spear  Conj/Erth      0%         10d2      100%        8
 Maxwell's Capacitive Co  Air            0%         ∞         100%        8
 Summon Horrible Things   Summ           0%         N/A       100%        8


Dungeon Overview and Level Annotations

Branches:
Dungeon (15/15)            Temple (1/1) D:5            Lair (5/5) D:8
  Swamp (4/4) Lair:3       Spider (4/4) Lair:3        Slime (5/5) Lair:5
    Orc (2/2) D:11            Elf (3/3) Orc:2        Vaults (5/5) D:14
  Crypt (0/3) Vaults:3     Depths (4/4) D:15            Zot (5/5) Depths:4
  Sewer (visited)         Volcano (visited)         Desolation (visited)
Gauntlet (visited)

Altars:
Ashenzari
Dithmenos
Fedhas
Gozag
Kikubaaqudgha
Makhleb
Nemelex Xobeh
Okawaru
Ru
Sif Muna
Trog
Uskayaw
Vehumet
Wu Jian
Xom
The Shining One
Jiyva

Shops:
D:6 :   Orc:2 ?:([*   Elf:2 [   Vaults:4 (   Depths:1 *

Portals:
Hell: Depths:1 Depths:2 Depths:3 Depths:4
Abyss: Depths:2 Depths:3 Depths:4
Pandemonium: Depths:2 Depths:4
Ziggurat: Depths:3

Annotations:
D:3 exclusion: downstairs
D:10 exclusion: downstairs
Lair:2 exclusion: downstairs
Lair:4 exclusion: downstairs
Swamp:3 1 runed translucent door
Spider:3 2 transporters, exclusion: downstairs
Vaults:4 exclusion: 2 downstairs
Depths:3 exclusion: downstairs
Zot:2 exclusion: downstairs


Innate Abilities, Weirdness & Mutations

You are small and have problems with some larger weapons.
You are completely attuned to the shadows.
Your magical capacity is extremely low. (-30% MP)
You are robust. (+10% HP)
Your spells are a little harder to cast, but a little more powerful.


Message History

You shoot a bolt. The bolt hits the cacodemon!!
The cacodemon is heavily wounded.
The cacodemon hits you. The cacodemon misses you.
You shoot a bolt. The bolt hits the cacodemon!
The cacodemon is severely wounded.
The cacodemon gestures at you. The bolt of energy hits you.
The cacodemon barely misses you. The cacodemon hits you!
You shoot a bolt. The bolt hits the cacodemon!!!!
You kill the cacodemon!
The Council accepts your kill.
(D) Dungeon (T) Temple (L) Lair (S) Swamp (N) Spider Nest (M) Slime Pits (O) Orcish Mines (E) Elven Halls (V) Vaults (C) Crypt (U) Depths (H) Hell (Z) Zot
Where to? (Enter - D:1, ? - help)
What level of the Dungeon? (default 1, ? - help)
There is a stone staircase leading up here.
You fly upwards.
Level annotation: exclusion: downstairs HP restored.
There is a stone staircase leading down here.
There is a stone staircase leading up here.
You fly upwards.
There is a stone staircase leading down here.
There is a stone staircase leading up here.
You fly upwards.
There is a stone staircase leading down here.
Aiming: Dig
Press: ? - help, Shift-Dir - straight line A rock wall.
This square is covered in magical glow.
The rock shatters into small pieces.
Aiming: Dig
Press: ? - help, Shift-Dir - straight line A rock wall.
This square is covered in magical glow.
The rock shatters into small pieces.
There is a staircase leading out of the dungeon here.
You have escaped!

#.......# ###..### #.##.#.##
#.......# #......# #.#.##.##
#.......# #+####.###..###.##
#.......# ####.####.....#......
#.......# ##..#.#..##....#.##.##
#.......# #.#.#.#.#.#...........
##.......###..#...#..#.###..##.##
..........####.....##.#..........
..........+.....@.....'.##..##.##
#......#######......###.###....##
#......### #..#...#..##.###.##...
#........# #.#.#.#.#.##...#.##...
......†..# ##..#.#..#####.#......
#........# ####.####.....####...
#........# #####'# #.##### #...
#........###.>...####.# ######...
.........##.........#.###........


There were no monsters in sight!

Vanquished Creatures
  the Royal Jelly (Slime:5)
  Dissolution (Slime:5)
  4 dread liches
  8 orbs of fire
  An ancient lich (Depths:2)
  Mara (Swamp:4)
  A juggernaut (Depths:2)
  6 Killer Klowns
  Boris (Vaults:4)
  6 curse toes
  8 caustic shrikes (Depths:4)
  6 golden dragons
  The ghost of ojifijod the Wrestler, an adept MiFi of Okawaru (Vaults:4)
  5 electric golems
  A hellephant (Depths:3)
  14 tentacled monstrosities
  26 Orb Guardians
  Mlioglotl (Spider:2)
  2 deep elf master archers (Elf:3)
  4 liches
  7 quicksilver dragons
  2 deep elf blademasters (Elf:3)
  2 titans (Vaults:5)
  6 sphinxes
  22 acid blobs
  A walking frostbound tome (Depths:1)
  8 death cobs
  6 tengu reavers
  The ghost of Otiptot the Executioner, an adept MiBe of Trog (Spider:4)
  9 shadow dragons
  A thorn hunter (Swamp:4)
  17 storm dragons
  8 azure jellies
  5 draconian monks
  6 draconian knights
  15 rockslimes
  A fenstrider witch (Swamp:2)
  8 emperor scorpions
  Louise (Elf:3)
  4 fire giants
  6 deep elf sorcerers
  22 vault wardens
  6 draconian shifters
  5 frost giants
  A balrug (Depths:1)
  An iron dragon (Depths:2)
  6 draconian scorchers
  17 ghost moths
  An angel (D:9)
  A reaper (Depths:1)
  4 draconian stormcallers
  2 draconian annihilators
  3 deep elf elementalists (Elf:3)
  12 ironbound preservers
  15 very ugly things
  8 quicksilver oozes
  3 orc warlords
  6 ironbound thunderhulks
  A cacodemon (D:4)
  13 stone giants
  A vampire knight (Depths:1)
  9 deep elf demonologists
  8 war gargoyles
  16 black draconians
  8 red draconians
  3 halazid warlocks (Desolation)
  5 deep elf annihilators (Elf:3)
  11 green draconians
  The ghost of jasper the Severer, a journeyman DsCA of Yredelemnul (Lair:5)
  22 white draconians
  19 dire elephants
  6 eleionomae
  A minotaur (D:14)
  11 purple draconians
  4 bunyips
  19 yellow draconians
  2 spark wasps
  8 deep elf death magi
  10 ettins
  3 crystal guardians
  6 fire dragons
  6 shambling mangroves
  14 yaktaur captains
  A green death (Depths:4)
  9 ragged hierophants (Desolation)
  10 entropy weavers
  5 deep elf high priests
  12 great orbs of eyes
  30 vault guards
  6 ice dragons
  4 salamander tyrants
  11 servants of whispers (Desolation)
  9 peacekeepers
  19 hydras
  A hell beast (Depths:2)
  A rakshasa (Depths:1)
  6 spriggan air magi
  Erolcha (D:13)
  3 ghost crabs
  9 centaur warriors
  4 two-headed ogres
  15 ironbound frosthearts
  2 catoblepae
  26 dancing weapons
  2 death knights
  5 alligators
  6 tengu warriors
  The ghost of Ynnuribe the Destroyer, a journeyman DECj of Vehumet (D:11)
  14 boulder beetles
  8 death yaks
  A hell hog (Depths:2)
  6 deep troll shamans
  8 deep troll earth magi
  Urug (D:13)
  The ghost of gelatine the Chucker, a novice DsGl (D:8)
  2 vampire magi
  2 orc high priests
  7 spriggan berserkers
  24 deep elf knights
  A sun demon (Depths:2)
  15 spriggans
  Nergalle (Lair:2)
  A fire crab (shapeshifter) (D:15)
  A goliath frog (shapeshifter) (Depths:2)
  2 skysharks
  2 shadow wraiths (Vaults:5)
  A soul eater (Vaults:3)
  The ghost of SkeletonJelly the Carver, a novice DrMo of Wu Jian (D:8)
  7 pharaoh ants
  6 goliath frogs
  3 glowing orange brains
  A salamander mystic (Depths:2)
  4 iron trolls
  A sun moth (Spider:2)
  15 swamp dragons
  3 bog bodies
  3 spriggan druids
  A shadow demon (D:13)
  19 ironbound convokers
  13 deep elf archers
  10 orb spiders
  49 deep trolls
  2 steelbarb worms
  3 phantasmal warriors (Vaults:5)
  15 orc knights
  3 lindwurms
  31 deep elf pyromancers
  4 harpies (Vaults:3)
  A mana viper (shapeshifter) (Vaults:5)
  26 ugly things
  15 wizards
  30 deep elf zephyrmancers
  9 salamanders
  3 orc sorcerers
  A shining eye (shapeshifter) (Vaults:5)
  6 cyclopes
  7 will-o-the-wisps
  8 shining eyes
  24 wolf spiders
  18 elephants
  An oklob plant (Lair:3)
  18 moths of wrath
  A moth of wrath (shapeshifter) (Vaults:5)
  15 vault sentinels
  2 manticores (D:15)
  5 black mambas
  An eye of devastation (shapeshifter) (Elf:3)
  6 guardian serpents (Desolation)
  A molten gargoyle (Desolation)
  4 torpor snails
  An ice statue (Lair:5)
  3 smoke demons
  4 demonic crawlers
  A hellion (Gauntlet)
  13 cane toads
  An eye of devastation (Slime:5)
  2 orange demons
  6 gargoyles
  7 komodo dragons
  A rime drake (Lair:3)
  2 kobold demonologists
  A komodo dragon (shapeshifter) (D:15)
  2 tengu conjurers (D:13)
  2 freezing wraiths
  41 yaktaurs
  An efreet (Volcano)
  An ice devil (Lair:5)
  8 polar bears
  A queen bee (D:13)
  5 trolls
  12 meliai
  A polar bear (shapeshifter) (Vaults:5)
  A bloated husk (Swamp:1)
  21 tarantellas
  3 tyrant leeches
  63 saltlings (Desolation)
  15 hornets
  9 blink frogs
  8 dream sheep
  A centaur simulacrum (D:15)
  29 jumping spiders
  2 air elementals
  23 culicivoras
  Sigmund (D:5)
  63 slime creatures
  A shadow (D:12)
  3 wraiths
  A basilisk (Lair:1)
  3 wyverns
  3 fire bats (Lair:3)
  20 yaks
  5 fire elementals
  7 water elementals
  A neqoxec (Depths:4)
  8 golden eyes
  A golden eye (shapeshifter) (D:14)
  A basilisk (shapeshifter) (D:15)
  53 redbacks
  A chaos spawn (Depths:4)
  A steam dragon (D:7)
  9 vampire mosquitoes
  Edmund (D:6)
  6 wargs
  14 swamp worms
  Menkaure (D:4)
  11 water moccasins
  4 acid dragons
  A floating eye (Depths:1)
  7 swamp drakes
  3 hell hounds
  40 orc warriors
  15 ice beasts
  8 black bears
  Pargi (Sewer)
  8 boggarts
  18 wolves
  15 centaurs
  2 phantoms
  7 ogres
  2 kobold brigands
  10 bullfrogs
  An earth elemental (Elf:2)
  Blork the orc (D:4)
  2 scorpions
  13 wights
  32 killer bees
  2 electric eels (D:12)
  4 howler monkeys
  3 hounds
  20 orc priests
  2 gnoll boudas
  A jelly (D:6)
  Ijyb (D:4)
  A sleepcap (D:8)
  22 orc wizards
  An iguana (shapeshifter) (Vaults:5)
  Robin (D:3)
  15 gnolls
  5 adders
  A shadow imp (D:7)
  2 white imps
  2 ufetubi (D:5)
  2 worms (D:4)
  2 dart slugs
  65 orcs
  9 bats
  7 endoplasms
  3 giant cockroaches
  16 goblins
  7 hobgoblins
  5 quokkas
  7 ball pythons
  3 frilled lizards (D:1)
  19 kobolds
  6 rats
  A foxfire (Swamp:3)
2177 creatures vanquished.

Vanquished Creatures (collateral kills)
  2 caustic shrikes (Depths:4)
  A deep elf elementalist (Elf:3)
  A fire dragon (Depths:2)
  A peacekeeper (Desolation)
  A dancing weapon (Elf:1)
  5 saltlings (Desolation)
  2 fire elementals (Volcano)
  A redback (Spider:1)
  An earth elemental (Elf:1)
15 creatures vanquished.

Vanquished Creatures (others)
  A deep elf sorcerer (Elf:3)
  A wizard (Elf:1)
  A deep elf zephyrmancer (Elf:1)
  2 moths of wrath
  A yellow draconian zombie (Zot:4)
  A bloated husk (Swamp:2)
  A jumping spider (Spider:1)
  A redback (Spider:2)
  A boggart (Vaults:1)
  An orc priest (Vaults:5)
  2 briar patches (Swamp:4)
  26 demonic plants (Gauntlet)
  12 foxfires
  34 fungi
  56 plants
  41 spectral weapons
  6 withered plants
188 creatures vanquished.

Grand Total: 2380 creatures vanquished

Notes
Turn   | Place    | Note
-------+----------+-------------------------------------------
     0 | D:1      | Chudface the Kobold Brigand began the quest for the Orb.
     0 | D:1      | Reached XP level 1. HP: 12/12 MP: 1/1
   186 | D:1      | Reached XP level 2. HP: 18/18 MP: 2/2
   528 | D:1      | Reached XP level 3. HP: 22/22 MP: 3/3
   903 | D:2      | Found a faded altar of an unknown god.
   909 | D:2      | Got Plato's Compilation of Skeletons
  1054 | D:2      | Reached XP level 4. HP: 9/27 MP: 1/4
  1737 | D:2      | Noticed a scorpion
  1879 | D:3      | Found a glowing golden altar of the Shining One.
  2000 | D:3      | Found an ancient bone altar of Kikubaaqudgha.
  2014 | D:3      | Noticed Robin
  2094 | D:3      | Killed Robin
  2219 | D:3      | Reached XP level 5. HP: 32/32 MP: 5/5
  2328 | D:3      | Identified the ring of the Tick {rC+ Str+3 Int-5}
  2342 | D:3      | Noticed a bullfrog
  2346 | D:3      | Killed a bullfrog
  2627 | D:4      | Noticed Menkaure
  2787 | D:4      | Found an ornate altar of the Wu Jian Council.
  2791 | D:4      | Became a worshipper of the Wu Jian Council
  2907 | D:4      | Reached XP level 6. HP: 38/38 MP: 6/6
  3012 | D:4      | Noticed a +0 falchion
  3012 | D:4      | Noticed a +0 spear
  3013 | D:4      | Noticed a +0 short sword
  3013 | D:4      | Noticed a +0 dagger
  3015 | D:4      | Noticed a +0 dagger
  3082 | D:4      | Found a glowing drain.
  3088 | Sewer    | Entered a sewer
  3136 | Sewer    | Noticed Pargi
  3139 | Sewer    | Killed Pargi
  3140 | Sewer    | Reached skill level 5 in Short Blades
  3203 | D:4      | Reached XP level 7. HP: 32/43 MP: 5/7
  3271 | D:5      | Entered Level 5 of the Dungeon
  3460 | D:4      | Noticed Blork the orc
  3471 | D:4      | Killed Blork the orc
  3770 | D:4      | Noticed a +0 spear
  3780 | D:4      | Found a hide-covered altar of Uskayaw.
  3782 | D:4      | Noticed a +0 short sword
  3826 | D:4      | Noticed a +0 falchion
  3836 | D:4      | Noticed Ijyb
  3853 | D:4      | Killed Ijyb
  4085 | D:4      | Killed Menkaure
  4221 | D:5      | Noticed Sigmund
  4224 | D:5      | Killed Sigmund
  4225 | D:5      | Reached skill level 5 in Fighting
  4225 | D:5      | Reached skill level 5 in Dodging
  4225 | D:5      | Reached XP level 8. HP: 49/49 MP: 8/8
  4287 | D:5      | Found a radiant altar of Vehumet.
  4470 | D:5      | Found a staircase to the Ecumenical Temple.
  4476 | Temple   | Entered the Ecumenical Temple
  4587 | D:5      | Found a shimmering blue altar of Sif Muna.
  4676 | D:6      | Identified the +5 ring mail "Wihet" {Dex+2}
  5026 | D:5      | Reached XP level 9. HP: 55/55 MP: 9/9
  5026 | D:5      | Reached * piety under Wu Jian
  5109 | D:6      | Found Seulim's Book Shoppe.
  5532 | D:6      | Found an iron altar of Okawaru.
  5581 | D:6      | Noticed Edmund
  5584 | D:6      | Killed Edmund
  5677 | D:6      | Found a burning altar of Makhleb.
  6557 | D:7      | Noticed a gargoyle
  6560 | D:7      | Killed a gargoyle
  6561 | D:7      | Reached skill level 1 in Evocations
  6730 | D:7      | Reached ** piety under Wu Jian
  6994 | D:7      | Reached skill level 10 in Stealth
  7174 | D:8      | Reached XP level 10. HP: 53/63 MP: 10/10
  7241 | D:8      | Found a broken altar of Ashenzari.
  7241 | D:8      | Found an opulent altar of Gozag.
  7241 | D:8      | Found a shimmering altar of Xom.
  7352 | D:8      | Reached skill level 1 in Armour
  7368 | D:9      | Reached skill level 1 in Ranged Weapons
  7414 | D:8      | Found a staircase to the Lair.
  7831 | D:8      | Found a runed translucent gate.
  7831 | D:8      | Found a runed translucent gate.
  7831 | D:8      | Found a runed translucent gate.
  7842 | D:8      | Noticed gelatine's ghost (novice DsGl)
  7842 | D:8      | Noticed SkeletonJelly's ghost (novice DrMo)
  7944 | D:9      | Found a sparkling altar of Nemelex Xobeh.
  8028 | D:9      | Reached *** piety under Wu Jian
  8082 | D:10     | Entered Level 10 of the Dungeon
  8278 | D:9      | Identified the +1 robe "Leuruvang" {rF- rN++ Str+6}
  8399 | D:9      | Reached skill level 10 in Short Blades
  8539 | D:9      | Reached XP level 11. HP: 69/69 MP: 11/11
  8920 | D:10     | Reached **** piety under Wu Jian
  9027 | D:11     | Noticed a red ugly thing
  9036 | D:11     | Noticed a cyclops
  9438 | D:10     | Noticed a two-headed ogre
  9649 | D:10     | Reached skill level 10 in Dodging
  9715 | D:10     | Found a shadowy altar of Dithmenos.
  9723 | D:10     | Found a bloodstained altar of Trog.
  9815 | D:10     | Killed a two-headed ogre
  9911 | Lair:1   | Entered Level 1 of the Lair of Beasts
  9987 | Lair:1   | Noticed a skyshark
 10026 | Lair:1   | Killed a skyshark
 10383 | Lair:1   | Reached skill level 10 in Fighting
 10464 | Lair:1   | Reached skill level 5 in Ranged Weapons
 10839 | Lair:1   | Reached XP level 12. HP: 77/77 MP: 12/12
 11155 | Lair:3   | Reached skill level 5 in Evocations
 11155 | Lair:3   | Found a hole to the Spider Nest.
 11322 | Lair:3   | Found a dark tunnel.
 11330 | Volcano  | Entered a volcano
 11634 | Volcano  | Noticed a stone giant
 11635 | Volcano  | Killed a stone giant
 11636 | Volcano  | Reached skill level 1 in Long Blades
 11882 | Lair:3   | Found a staircase to the Swamp.
 11981 | Lair:2   | Noticed a skyshark
 11984 | Lair:2   | Killed a skyshark
 11985 | Lair:2   | Reached skill level 15 in Stealth
 12268 | Lair:2   | Noticed Nergalle
 12282 | Lair:2   | Killed Nergalle
 12438 | Lair:2   | Reached XP level 13. HP: 84/84 MP: 13/13
 12691 | Lair:3   | Reached skill level 10 in Ranged Weapons
 12838 | Lair:5   | Entered Level 5 of the Lair of Beasts
 13019 | Lair:4   | Identified the +3 ring mail of Duck's Teeth {+Inv}
 13400 | Lair:3   | Identified the staff of air "Mata" {rElec Str+5 Int+4}
 13695 | Lair:3   | Upgraded the game from 0.31-a0-1-g4198be8af4 to
                  | 0.31-a0-4-gefa6de2278
 13771 | Lair:4   | Reached skill level 5 in Armour
 14472 | Lair:5   | Found a runed translucent door.
 14472 | Lair:5   | Found a viscous altar of Jiyva.
 14477 | Lair:5   | Noticed an acid blob
 14478 | Lair:5   | Noticed an acid blob
 14478 | Lair:5   | Noticed an acid blob
 14479 | Lair:5   | Found a staircase to the Slime Pits.
 14586 | Lair:5   | Found a runed translucent gate.
 14587 | Lair:5   | Found a runed translucent gate.
 14588 | Lair:5   | Found a runed translucent gate.
 14620 | Lair:5   | Noticed a seven-headed hydra
 14623 | Lair:5   | Killed a seven-headed hydra
 14642 | Lair:5   | Reached XP level 14. HP: 90/90 MP: 14/14
 14903 | Lair:5   | Reached ***** piety under Wu Jian
 15125 | Lair:5   | Reached skill level 15 in Ranged Weapons
 16480 | Lair:5   | Noticed a dire elephant
 16743 | D:11     | Found a runed translucent door.
 16745 | D:11     | Noticed Ynnuribe's ghost (journeyman DECj)
 16844 | D:11     | Found a staircase to the Orcish Mines.
 16902 | D:11     | Killed Ynnuribe's ghost
 17591 | D:12     | Identified the +1 robe of Geliynid {rC- Str+4 SInv}
 17867 | Orc:1    | Entered Level 1 of the Orcish Mines
 18028 | Orc:1    | Found a burning altar of Makhleb.
 18095 | Orc:2    | Entered Level 2 of the Orcish Mines
 18339 | Orc:2    | Found Wuipe's Magic Scroll Shoppe.
 18345 | Orc:2    | Bought a scroll of magic mapping for 90 gold pieces
 18345 | Orc:2    | Bought 3 scrolls of identify for 72 gold pieces
 18345 | Orc:2    | Bought a scroll of enchant armour for 90 gold pieces
 18345 | Orc:2    | Bought a scroll of fear for 48 gold pieces
 18348 | Orc:2    | Bought a scroll of identify for 24 gold pieces
 18349 | Orc:2    | Bought a scroll of identify for 24 gold pieces
 18349 | Orc:2    | Bought a scroll of identify for 24 gold pieces
 18861 | Orc:2    | Found a staircase to the Elven Halls.
 19072 | Orc:2    | Reached XP level 15. HP: 94/96 MP: 15/15
 19240 | Orc:2    | Noticed an orc warlord
 19274 | Orc:2    | Killed an orc warlord
 19522 | Orc:2    | Reached ****** piety under Wu Jian
 19741 | Orc:2    | Found Irching's Antique Armour Emporium.
 19757 | Orc:2    | Found Imopisa's General Store.
 19884 | Orc:2    | Found Xyetas's Antique Weapon Emporium.
 19901 | Orc:2    | Found Wirionau's Book Emporium.
 19922 | Orc:2    | Bought a runed cloak for 157 gold pieces
 19949 | Orc:2    | Bought a scroll of identify for 26 gold pieces
 19949 | Orc:2    | Bought a scroll of identify for 26 gold pieces
 19967 | Orc:2    | Bought an ivory rapier for 324 gold pieces
 19967 | Orc:2    | Identified the +4 rapier of Riuhois {elec, rN+ rCorr Str-5
                  | Int+2} (You bought it in a shop on level 2 of the Orcish
                  | Mines)
 20491 | D:13     | Identified the ring "Deinn" {rPois rCorr MP+9}
 20640 | D:13     | Noticed Urug
 20764 | D:13     | Reached skill level 1 in Shields
 20784 | D:14     | Found a gate leading to a gauntlet.
 20836 | Gauntlet | Entered a Gauntlet
 20836 | Gauntlet | Found a transporter.
 20836 | Gauntlet | Found a transporter.
 20851 | Gauntlet | Found a transporter.
 20859 | Gauntlet | Found a transporter.
 20874 | Gauntlet | Noticed a reaper
 20881 | Gauntlet | Found a transporter.
 20890 | Gauntlet | Found a transporter.
 20981 | Gauntlet | Found a transporter.
 21012 | Gauntlet | Found a transporter.
 21015 | Gauntlet | Noticed a reaper
 21032 | Gauntlet | Found a transporter.
 21032 | Gauntlet | Found a transporter.
 21059 | Gauntlet | Found a transporter.
 21089 | Gauntlet | Found a transporter.
 21132 | Gauntlet | Found a transporter.
 21140 | Gauntlet | Found a transporter.
 21162 | Gauntlet | Found a transporter.
 21173 | Gauntlet | Found a transporter.
 21499 | Gauntlet | Identified the +0 helmet of Ewkusch {Dex+5}
 21620 | Gauntlet | Identified the +4 shortbow of Jecleo {elec, rPois SInv}
 21669 | D:15     | Entered Level 15 of the Dungeon
 21720 | D:13     | Noticed Erolcha
 21724 | D:13     | Killed Erolcha
 22204 | D:14     | Found a gate to the Vaults.
 22613 | D:15     | Reached XP level 16. HP: 103/103 MP: 16/16
 23216 | D:15     | Found a staircase to the Depths.
 24550 | Swamp:1  | Entered Level 1 of the Swamp
 25205 | Swamp:2  | Noticed a fenstrider witch
 25210 | Swamp:2  | Killed a fenstrider witch
 25600 | Swamp:2  | Reached XP level 17. HP: 111/111 MP: 17/17
 26323 | Swamp:3  | Identified the +8 dagger "Hydrabane" {heavy, rN+ Will+}
 26342 | Swamp:4  | Entered Level 4 of the Swamp
 26415 | Swamp:4  | Noticed a tentacled monstrosity
 26424 | Swamp:3  | Killed a tentacled monstrosity
 26546 | Swamp:3  | Found a runed translucent door.
 26557 | Swamp:4  | Noticed Mara
 26559 | Swamp:4  | Killed Mara
 28026 | Swamp:4  | Reached XP level 18. HP: 93/116 MP: 18/18
 28161 | Swamp:4  | Got a decaying rune of Zot
 28394 | Spider:1 | Entered Level 1 of the Spider Nest
 29459 | Spider:1 | Reached skill level 10 in Armour
 29528 | Spider:2 | Noticed Mlioglotl
 29530 | Spider:2 | Killed Mlioglotl
 30155 | Spider:2 | Identified a scroll of acquirement
 30212 | Lair:3   | Acquired 938 gold pieces
 30427 | Orc:2    | Bought a manual of Ranged Weapons for 1200 gold pieces
 30648 | D:13     | Killed Urug
 30812 | D:13     | Identified the +1 robe "Kyes" {rN+ Dex+4}
 31113 | D:8      | Killed SkeletonJelly's ghost
 31120 | D:8      | Killed gelatine's ghost
 31349 | Lair:5   | Noticed jasper's ghost (journeyman DsCA)
 31353 | Lair:5   | Killed jasper's ghost
 31354 | Lair:5   | Reached skill level 15 in Fighting
 32572 | Spider:3 | Reached XP level 19. HP: 124/124 MP: 15/19
 32708 | Spider:4 | Entered Level 4 of the Spider Nest
 33193 | Spider:3 | Found a transporter.
 33227 | Spider:3 | Found a transporter.
 33758 | Spider:4 | Found a runed translucent door.
 33851 | Spider:4 | Identified the +4 plate armour "Segof" {rN++ Int-3 SInv
                  | Stlth+}
 34989 | Spider:4 | Got a gossamer rune of Zot
 35219 | Spider:4 | Noticed Otiptot's ghost (adept MiBe)
 35223 | Spider:4 | Killed Otiptot's ghost
 35517 | Elf:1    | Entered Level 1 of the Elven Halls
 35620 | Elf:2    | Found Xiqeyrgha's Antique Armour Shop.
 35693 | Elf:3    | Entered Level 3 of the Elven Halls
 35880 | Elf:1    | Found a crumbling gateway.
 35886 | Desolati | Entered the Desolation of Salt
 35964 | Desolati | Identified the +11 dagger of the Grinning Gods {spect,
                  | Int+2}
 35989 | Desolati | Reached XP level 20. HP: 117/130 MP: 20/20
 35991 | Desolati | Reached skill level 10 in Evocations
 36018 | Desolati | Identified the ring "Zifut" {Ice rN+}
 36247 | Desolati | Identified the +0 glaive of the Shining Light {protect,
                  | *Rage rF++ Will- Stlth+}
 36680 | Desolati | Identified the +2 robe of an ossuary {Regen+ Str+2}
 36714 | Desolati | Identified the ring of Eternal Harmony {rPois rF+}
 37534 | Desolati | Identified the +0 robe "Ivvyod" {Will+ SInv}
 37558 | Desolati | Identified the +3 scimitar of Shame {antimagic, Str+2
                  | Int+2}
 37652 | Desolati | Reached skill level 15 in Dodging
 37713 | Desolati | Identified the +11 falchion of the Open Hand {freeze,
                  | Dex+3}
 37852 | Desolati | Got the Almanac of Exothermic Moulding
 38042 | Desolati | Identified the +0 plate armour "Cots" {Harm Int+4}
 38136 | Desolati | Identified the +0 plate armour of Bopremo {rPois}
 38147 | Desolati | Got Sif Muna's Teachings on the Remoulded Tempest
 38189 | Desolati | Reached skill level 5 in Long Blades
 38368 | Elf:1    | Paralysed by an air elemental for 1 turns
 39251 | Vaults:1 | Entered Level 1 of the Vaults
 40336 | Vaults:1 | Reached skill level 10 in Long Blades
 40389 | Vaults:1 | Reached XP level 21. HP: 123/135 MP: 21/21
 40652 | Vaults:1 | You are sucked into a shaft and drop 1 floor!
 41027 | Vaults:1 | Acquired the ring "Xozxeud" {+Blink rElec rC- rN++ EV+5}
 42602 | Vaults:3 | Found a flickering gateway to a bazaar.
 42615 | Bazaar   | Entered a bazaar
 42623 | Bazaar   | Found Nunaem's Jewellery Shoppe.
 42652 | Bazaar   | Found Kamehip's Assorted Antiques.
 42660 | Bazaar   | Found Mururuq's Antique Weapon Boutique.
 42661 | Bazaar   | Found Elloucker's Jewellery Emporium.
 42706 | Bazaar   | Bought a runed triple crossbow for 312 gold pieces
 42723 | Bazaar   | Bought the ring "Wamul" {SInv Stlth+} for 223 gold pieces
 42734 | Bazaar   | Bought a brightly glowing rapier for 216 gold pieces
 42734 | Bazaar   | Identified the +0 rapier of Melee {drain, rF+++ rCorr Str+2
                  | Dex-5} (You bought it in a shop in a bazaar)
 42744 | Bazaar   | Bought a scroll of teleportation for 75 gold pieces
 43518 | Vaults:4 | Reached XP level 22. HP: 29/144 MP: 22/22
 44069 | Vaults:4 | Found Wusudy's Antique Weapon Emporium.
 44073 | Vaults:4 | Bought a smoking arbalest for 266 gold pieces
 44073 | Vaults:4 | Identified the +5 arbalest of the Horn {freeze, Fragile rF+
                  | rN+ Will+} (You bought it in a shop on level 4 of the
                  | Vaults)
 44174 | Vaults:4 | Noticed Boris
 44186 | Vaults:4 | Killed Boris
 45112 | Vaults:4 | Found a runed translucent gate.
 45113 | Vaults:4 | Found a runed translucent gate.
 45114 | Vaults:4 | Found a runed translucent gate.
 45130 | Vaults:4 | Noticed ojifijod's ghost (adept MiFi)
 45750 | Vaults:3 | Found a staircase to the Crypt.
 45793 | Vaults:3 | Identified the +4 great mace of Wounding {freeze, Int+3}
 47739 | Elf:2    | Reached XP level 23. HP: 155/155 MP: 7/23
 47775 | Elf:2    | Reached skill level 5 in Shields
 47995 | Elf:2    | Paralysed by an air elemental for 1 turns
 48183 | Elf:2    | Found a huge runed translucent gate.
 48183 | Elf:2    | Found a huge runed translucent gate.
 48184 | Elf:2    | Found a huge runed translucent gate.
 48195 | Elf:2    | Found a huge runed translucent gate.
 48195 | Elf:2    | Found a huge runed translucent gate.
 49203 | Elf:3    | Noticed Louise
 49216 | Elf:3    | Killed Louise
 49564 | Elf:3    | Identified the +9 plate armour "Taettile" {rPois rF- Str+7}
 49747 | Elf:3    | Identified the amulet "Idagh" {Reflect Int+3 SH+5}
 50037 | Elf:3    | Reached skill level 10 in Shields
 50162 | Elf:3    | Identified the +0 ring mail of Qogam {Rampage rPois Will+}
 50162 | Elf:3    | Identified the amulet "Dimnul" {Regen+ rCorr}
 50175 | Elf:3    | Identified the +4 spear "Gisyenyrim" {heavy, rC+ rN+ SInv}
 50274 | Elf:3    | Acquired the +2 helmet of the Lost Path {rF++ Int-5}
 50573 | Elf:3    | Identified the +0 ring mail of the Jolly Loafs {rF++ rN+}
 50763 | Elf:3    | Identified the staff of cold "Oveleupp" {rC+ Int+4}
 50767 | Elf:3    | Identified the +0 scale mail of Dishonour {rElec rF- Str+2
                  | SInv}
 50775 | Elf:3    | Identified the staff of cold "Datibb" {rC+ Int+2 Dex+4
                  | SInv}
 50788 | Elf:3    | Identified the staff of fire "Qeiqovol" {rElec rF+ rC+
                  | Stlth+}
 50789 | Elf:3    | Identified the staff of fire "Loroi" {Fly rPois rF+ Int-3}
 50809 | Elf:3    | Identified the +6 shortbow of Greed {speed, Int+4}
 50815 | Elf:3    | Got the Grimoire of Shifting and the Tempest
 50816 | Elf:3    | Identified the staff of conjuration "Desowar" {Contam
                  | +Blink rPois Int+9}
 51146 | Depths:1 | Entered Level 1 of the Depths
 51553 | Depths:1 | Reached XP level 24. HP: 112/162 MP: 8/23
 51580 | Depths:1 | Found a gateway to Hell.
 51688 | Depths:1 | Found Xaibug Orphia's Assorted Antiques.
 51804 | Depths:1 | Bought a scroll of enchant weapon for 195 gold pieces
 51862 | Depths:1 | Found a blossoming altar of Fedhas.
 51878 | Depths:1 | Identified the +8 whip "Bivvir" {flame, Str+3 Int+3}
 52111 | Depths:2 | Found a sparkling altar of Nemelex Xobeh.
 52438 | Depths:2 | Noticed a juggernaut
 53063 | Depths:2 | Killed a juggernaut
 53148 | Depths:2 | Reached skill level 15 in Armour
 53276 | Depths:2 | Noticed an ancient lich
 53304 | Depths:2 | Killed an ancient lich
 53754 | Depths:3 | Found a one-way gate to the infinite horrors of the Abyss.
 53928 | Depths:2 | Found a one-way gate leading to the halls of Pandemonium.
 54367 | Depths:4 | Entered Level 4 of the Depths
 54396 | Depths:4 | Found a sacrificial altar of Ru.
 54404 | Depths:4 | Noticed a caustic shrike
 54404 | Depths:4 | Noticed a caustic shrike
 54404 | Depths:4 | Noticed a caustic shrike
 54404 | Depths:4 | Noticed a caustic shrike
 54405 | Depths:4 | Noticed a caustic shrike
 54405 | Depths:4 | Killed a caustic shrike
 54405 | Depths:4 | Killed a caustic shrike
 54405 | Depths:4 | Killed a caustic shrike
 54414 | Depths:4 | Killed a caustic shrike
 54416 | Depths:4 | Killed a caustic shrike
 54821 | Depths:3 | Found a one-way gateway to a ziggurat.
 55223 | Depths:3 | Found an ancient bone altar of Kikubaaqudgha.
 55359 | Depths:4 | Reached XP level 25. HP: 166/170 MP: 7/23
 55656 | Depths:4 | Found the +27 heavy crossbow "Sniper" {heavy, Acc+∞ SInv}
 55699 | Depths:4 | Noticed a caustic shrike
 55704 | Depths:4 | Killed a caustic shrike
 55834 | Depths:4 | Noticed a caustic shrike
 55837 | Depths:4 | Noticed a caustic shrike
 55837 | Depths:4 | Noticed a caustic shrike
 55850 | Depths:4 | Killed a caustic shrike
 55852 | Depths:4 | Killed a caustic shrike
 55856 | Depths:4 | Killed a caustic shrike
 55856 | Depths:4 | Noticed a caustic shrike
 55862 | Depths:4 | Killed a caustic shrike
 56034 | Depths:4 | Found a gate to the Realm of Zot.
 56495 | Vaults:4 | Killed ojifijod's ghost
 56666 | D:14     | Identified the +3 short sword of Nesopuf {heavy, Dex+6}
 56902 | Lair:5   | Reached skill level 27 in Ranged Weapons
 56908 | Slime:1  | Entered Level 1 of the Pits of Slime
 57217 | Slime:5  | Entered Level 5 of the Pits of Slime
 57417 | Slime:3  | Gained mutation: You do not regenerate when monsters are
                  | visible. [a shining eye]
 57425 | Slime:4  | Reached skill level 15 in Evocations
 57425 | Slime:4  | Lost mutation: You do not regenerate when monsters are
                  | visible. [potion of mutation]
 57425 | Slime:4  | Gained mutation: You are resistant to electric shocks.
                  | (rElec) [potion of mutation]
 57425 | Slime:4  | Gained mutation: Your flesh is heat resistant. (rF+)
                  | [potion of mutation]
 57610 | Slime:5  | Noticed Dissolution
 57618 | Slime:5  | Killed Dissolution
 57810 | Slime:5  | Reached XP level 26. HP: 179/179 MP: 23/23
 57813 | Slime:5  | Noticed the Royal Jelly
 57860 | Slime:5  | Found a viscous altar of Jiyva.
 58095 | Slime:5  | Killed the Royal Jelly
 58184 | Slime:5  | Identified the +0 helmet of the Prince of Darkness {-Cast
                  | rPois rCorr Dex+4}
 58202 | Slime:5  | Identified the staff of fire "Gyinacw" {rF+ Int+3}
 58246 | Slime:5  | Got a slimy rune of Zot
 58276 | Slime:5  | Got the Compilation of Geological Contamination
 58720 | Zot:1    | Entered Level 1 of the Realm of Zot
 59129 | Zot:1    | Noticed a Killer Klown
 59142 | Zot:1    | Killed a Killer Klown
 59166 | Zot:1    | Noticed an orb of fire
 59211 | Zot:1    | Noticed a Killer Klown
 59218 | Zot:1    | Killed a Killer Klown
 59225 | Zot:1    | Noticed a curse toe
 59228 | Zot:1    | Killed a curse toe
 59765 | Zot:1    | Gained mutation: You are dopey. (Int -2) [an orb of fire]
 59766 | Zot:1    | Gained mutation: Armour fits poorly on your strangely
                  | shaped body. [an orb of fire]
 59768 | Zot:1    | Killed an orb of fire
 59876 | Zot:1    | Lost mutation: You are resistant to electric shocks.
                  | (rElec) [potion of mutation]
 59876 | Zot:1    | Lost mutation: Armour fits poorly on your strangely shaped
                  | body. [potion of mutation]
 59876 | Zot:1    | Lost mutation: You are dopey. (Int -2) [potion of mutation]
 59876 | Zot:1    | Gained mutation: Your mind is acute. (Int +4, Str/Dex -1)
                  | [potion of mutation]
 59876 | Zot:1    | Gained mutation: Your magical capacity is low. (-10% MP)
                  | [potion of mutation]
 60154 | Zot:2    | Identified the +3 ring mail of the Centipede {Contam +Blink
                  | rC+ Int+2}
 60339 | Zot:2    | Noticed an orb of fire
 60344 | Zot:2    | Gained mutation: Your magical capacity is very low. (-20%
                  | MP) [an orb of fire]
 60346 | Zot:2    | Killed an orb of fire
 60440 | Zot:2    | Noticed a curse toe
 60442 | Zot:2    | Killed a curse toe
 60592 | Zot:2    | Learned a level 1 spell: Apportation
 60595 | Zot:2    | Learned a level 2 spell: Blink
 60599 | Zot:2    | Learned a level 3 spell: Portal Projectile
 60670 | Zot:2    | Reached skill level 1 in Spellcasting
 60670 | Zot:2    | Reached skill level 1 in Hexes
 60670 | Zot:2    | Reached skill level 1 in Translocations
 60777 | Zot:2    | Reached XP level 27. HP: 105/188 MP: 20/20
 61085 | Zot:2    | Noticed an orb of fire
 61086 | Zot:2    | Lost mutation: Your mind is acute. (Int +4, Str/Dex -1) [an
                  | orb of fire]
 61090 | Zot:2    | Killed an orb of fire
 61484 | D:6      | Bought a manual of Stealth for 1120 gold pieces
 61722 | Vaults:5 | Entered Level 5 of the Vaults
 62185 | Vaults:5 | Reached skill level 5 in Hexes
 62186 | Vaults:5 | Reached skill level 5 in Translocations
 62189 | Vaults:5 | Identified the +5 scale mail "Napichari" {Dex+3 Stlth+}
 62405 | Vaults:5 | Identified the +0 pair of gloves "Zumesm" {rF+ Slay+3}
 62455 | Vaults:5 | Identified the staff of cold "Jufrosugg" {+Blink rElec rC+
                  | Stlth+}
 62546 | Vaults:5 | Got a silver rune of Zot
 62604 | Vaults:5 | Identified the +4 lajatang of Durable Prudence {flame,
                  | rElec Will+ Int+2}
 62719 | Vaults:5 | Identified the +7 dagger of the Apocalypse {flame, Int+2}
 63573 | Zot:2    | Noticed a dread lich
 63579 | Zot:2    | Noticed a dread lich
 63582 | Zot:2    | Killed a dread lich
 63622 | Zot:2    | Killed a dread lich
 63708 | Zot:2    | Reached skill level 10 in Hexes
 64016 | Zot:2    | Reached skill level 15 in Long Blades
 64602 | Zot:3    | Reached skill level 5 in Spellcasting
 65096 | Zot:5    | Entered Level 5 of the Realm of Zot
 65329 | Zot:4    | Learned a level 2 spell: Lesser Beckoning
 65333 | Zot:4    | Learned a level 3 spell: Tukima's Dance
 65337 | Zot:4    | Learned a level 3 spell: Confusing Touch
 66140 | Zot:5    | Reached skill level 27 in Stealth
 66170 | Zot:5    | Noticed a dread lich
 66174 | Zot:5    | Killed a dread lich
 66177 | Zot:5    | Noticed an orb of fire
 66182 | Zot:5    | Killed an orb of fire
 66199 | Zot:5    | Noticed an orb of fire
 66205 | Zot:5    | Noticed a Killer Klown
 66206 | Zot:5    | Killed an orb of fire
 66208 | Zot:5    | Noticed a Killer Klown
 66209 | Zot:5    | Killed a Killer Klown
 66213 | Zot:5    | Killed a Killer Klown
 66448 | Zot:5    | Noticed an orb of fire
 66454 | Zot:5    | Noticed a Killer Klown
 66455 | Zot:5    | Noticed an orb of fire
 66457 | Zot:5    | Gained mutation: You are dopey. (Int -2) [an orb of fire]
 66458 | Zot:5    | Gained mutation: Your magical capacity is extremely low.
                  | (-30% MP) [an orb of fire]
 66460 | Zot:5    | Noticed a Killer Klown
 66463 | Zot:5    | Noticed a dread lich
 66536 | Zot:5    | Killed an orb of fire
 66537 | Zot:5    | Lost mutation: Your magical capacity is extremely low.
                  | (-30% MP) [potion of mutation]
 66537 | Zot:5    | Lost mutation: You are dopey. (Int -2) [potion of mutation]
 66537 | Zot:5    | Lost mutation: Your flesh is heat resistant. (rF+) [potion
                  | of mutation]
 66537 | Zot:5    | Gained mutation: Your spells are a little harder to cast,
                  | but a little more powerful. [potion of mutation]
 66537 | Zot:5    | Gained mutation: You are robust. (+10% HP) [potion of
                  | mutation]
 66542 | Zot:5    | Gained mutation: Your magical capacity is extremely low.
                  | (-30% MP) [an orb of fire]
 66543 | Zot:5    | Killed an orb of fire
 66577 | Zot:5    | Killed a Killer Klown
 66579 | Zot:5    | Killed a Killer Klown
 66579 | Zot:5    | Noticed an orb of fire
 66593 | Zot:5    | Killed an orb of fire
 66598 | Zot:5    | Killed a dread lich
 66781 | Zot:5    | Got the Orb of Zot
 67208 | D:5      | Noticed Qanluos the pandemonium lord
 67293 | D:$      | Escaped with the Orb!

Illustrated notes

Levels and vault maps discovered:
D:1:      nzn_arrival_crosshair, layout_basic, minmay_misc_feat_enclosed,
          minivault_25, corexii_item_surrounded_by_moat
D:2:      layout_basic, shapermc_ecumenical_altar_rom_forum,
          lightli_corner_chamber
D:3:      layout_loops_ring, lemuel_round_altar, mainiacjoe_overflow_24_doors,
          uniq_robin
D:4:      layout_layer_cave, nicolae_uskayaw_en_pointe,
          nicolae_wu_jian_immortal_techniques, cheibrodos_sewer_entry_drain,
          serial_co_window_serial, co_window_corner_a, co_window_paths_b,
          co_window_paths_b, co_window_paths_b, co_window_of_opportunity_a,
          co_window_paths_b, co_window_paths_b, co_window_paths_a,
          co_window_paths_a, co_window_paths_c, co_window_paths_c,
          co_window_corner_b, glass_columns_c, glass_columns_a, glass_columns_a,
          glass_columns_b, uniq_blork_the_orc, uniq_ijyb, uniq_menkaure
D:5:      layout_rooms, led_sif_book, vehumet_crystals, temple_green,
          uniq_sigmund
D:6:      layout_basic, lemuel_crystal_altar, mainiacjoe_overflow_catwalk,
          serial_shops, nicolae_stop_n_shop_2, grunt_ministairs_5, uniq_edmund
D:7:      layout_gridville, kennysheep_small_circle
D:8:      layout_loops_cross, gammafunk_temple_overflow_forgotten,
          erik_lair_orcish_takeover, gammafunk_ghost_cemetery
D:9:      layout_roguey, mainiacjoe_overflow_chevrons
D:10:     layout_stronghold, mainiacjoe_overflow_big_doors
D:11:     layout_basic, david_orc_3, hellmonk_ghost_happy_afterlife
D:12:     layout_basic
D:13:     layout_roguey [special_room_bee], uniq_erolcha, uniq_urug
D:14:     layout_cave_pools, erik_vaults_2, fountainhead,
          gauntlet_entry_generic, onia_ninara_dug_in_and_dangerous
D:15:     hangedman_depths_entry_civil_slaughter, layout_cave_pools,
          serial_park_gazebo [serial_park_minivault_5x5_7],
          minmay_fractal_squares_5
Temple:   nicolae_temple_godpark
Lair:1:   layout_gridlike, special_room, serial_bayou_crossing
Lair:2:   beast_lair_carwin_large_3, layout_chaotic_city,
          chequers_serial_rivers_small_3, dreamdust_gnoll_shepherd,
          uniq_nergalle
Lair:3:   layout_loops_ring, minmay_swamp_entry_wisps, spider_nest_entry_a,
          nicolae_volcano_entry_batcave
Lair:4:   layout_cave_pods, hangedman_lair_generics_rect,
          infiniplex_staircase_pool
Lair:5:   grunt_lair_end_beastmaster, layout_long_grid, slime_entry_2,
          ebering_ghost_rock_garden, ice2_lemuel, grunt_megastairs_4
Swamp:1:  layout_basic_swamp, evilmike_swamp_ruin_house_2
Swamp:2:  layout_basic_swamp, nicolae_swamp_very_dense_foliage
Swamp:3:  layout_falls_marsh, ebering_ghost_reflecting_pool,
          evilmike_swamp_ruin_house_3
Swamp:4:  swamp_basic_johnstein, layout_basic_swamp, uniq_mara
Spider:1: cheibrodos_spider_silkery, nicolae_spider_rock_and_or_roll
Spider:2: layout_spider_delve, nicolae_spider_moth_buddies, uniq_mlioglotl
Spider:3: layout_spider_delve, nzn_ghost_randoct
Spider:4: grunt_spider_rune_parallel, ebering_ghost_reflecting_pool
Slime:1:  layout_caves
Slime:2:  layout_caves
Slime:3:  layout_caves
Slime:4:  layout_caves
Slime:5:  uniq_dissolution
Orc:1:    layout_caves, special_room [special_room_orc], bloody_makhleb
Orc:2:    grunt_orc_cross, layout_diamond_mine, serial_shops,
          nicolae_lakefront_shop, mines2_lemuel
Elf:1:    eino_elf_arrival_customs, layout_geoelf_octagon,
          portal_desolation_entry_ruin, serial_glass, glass_columns_a,
          glass_columns_b, glass_columns_a, glass_columns_b,
          hangedman_elf_disciples, item_on_display_a
Elf:2:    elven_hall_of_blades_hangedman_alternative
          [nicolae_vaults_blade_armed_guards], layout_geoelf_octagon,
          minmay_shop_star
Elf:3:    grunt_elf_hall_asides, layout_geoelf_grid, uniq_louise
Vaults:1: v_misc_18, v_rooms_5, v_misc_12, nicolae_vaults_diffraction_hallways,
          vaults_room_fours, nicolae_vaults_offset_grid_hallway_4,
          nicolae_vaults_trapezoid_3, nicolae_vaults_tetromino_L_2,
          layout_vaults_chaotic_city
Vaults:2: vaults_dpeg_doors, v_alt_pattern_5, v_misc_11,
          nicolae_vaults_closet_pinwheel_3, hangedman_vaults_river_flow,
          nicolae_vaults_house_2, nicolae_vaults_turnstiles,
          nicolae_vaults_mini_display_case, nicolae_vaults_double_plus_1,
          nicolae_vaults_variable_pillar_hall, grunt_vaults_hallway_short,
          layout_vaults_omnigrid
Vaults:3: ontoclasm_vaults_misaligned, minmay_crypt_entry_simple_statues,
          nicolae_vaults_museum, nicolae_vaults_alarming, v_misc_18,
          vaults_room_pools, nicolae_vaults_tetromino_T_2,
          nicolae_vaults_meiosis, nicolae_vaults_sesquioval_fish,
          nicolae_vaults_storage_room_statues, nicolae_vaults_shelves_hall,
          layout_vaults_omnicross, serial_shops, bzr_entry_water
Vaults:4: gammafunk_ghost_split, nicolae_vaults_offset_grid_hallway_1,
          v_misc_14, vaults_mumra_minichess_inversion,
          hangedman_vaults_restitches, v_rooms_3, dpeg_vaults_monster_row,
          nicolae_vaults_lightning_bolt, nicolae_vaults_cochlea,
          vaults_dpeg_ring, nicolae_vaults_three_branches, layout_vaults_ring,
          serial_shops, nicolae_shop_back_alley_shop, uniq_boris
Vaults:5: serial_shops
Depths:1: layout_basic, serial_bayou_shore_a, pf_dread_powers_of_hell,
          serial_shops, nicolae_shop_rolling_square, drop_trap,
          minmay_misc_feat_roman, fedhas_altar_fruit_tree
Depths:2: minmay_tri_stars, layout_basic, hellmouth_1, grunt_pan_entry_spiral,
          nemelex_diamond_rough_becter, abyss_entry_crystal, minmay_evil_grid
Depths:3: minmay_firetagon, layout_cave_shapes, enter_ziggurat_a,
          grunt_hell_entry_dis_old, abyss_entry,
          nicolae_kikubaaqudgha_miasma_corner, infiniplex_staircase_pool_lava
Depths:4: evilmike_zot_entry_basic, layout_honeycomb, abyss_entry,
          minmay_stone_trees_large, hell_entry, rand_demon_pan_entry_9,
          nicolae_ru_great_annihilating_truth
Zot:1:    grunt_zot_stairs_faceoff, layout_basic
Zot:2:    grunt_deathspiral_small, layout_onion_interference
Zot:3:    layout_cellular_growth
Zot:4:    layout_basic
Zot:5:    layout_twisted_circle, st_stairs_11, lemuel_baited_zot_trap

Skill      XL: |  1  2  3  4  5  6  7  8  9 10 11 12 13 14 15 16 17 18 19 20 21 22 23 24 25 26 27 |
---------------+----------------------------------------------------------------------------------+-----
Short Blades   | 3 4 5 6 7 8 10 13 | 13.9
Dodging        | 2 3 4 5 6 7 8 10 11 12 13 14 15 20 | 20.1
Fighting       | 3 4 5 6 7 8 10 11 12 14 15 17 19 20 22 23 | 23.0
Throwing       | 3 |  3.0
Stealth        | 6 7 8 10 11 13 15 18 20 22 23 24 27 | 27.0
Evocations     | 2 3 4 5 6 9 13 15 16 | 16.0
Armour         | 2 3 5 6 9 10 12 16 | 16.3
Ranged Weapons | 4 5 9 14 18 21 24 25 26 27 | 27.0
Long Blades    | 1 10 11 13 15 | 15.0
Shields        | 2 4 10 | 10.0
Spellcasting   | 1 5 |  5.0
Hexes          | 1 14 | 14.0
Translocations | 1 8 |  8.0

Action                     |  1- 3 |  4- 6 |  7- 9 | 10-12 | 13-15 | 16-18 | 19-21 | 22-24 | 25-27 || total
---------------------------+-------+-------+-------+-------+-------+-------+-------+-------+-------++-------
  Melee: Dagger            |    50 |   139 |   327 |   734 |   504 |    60 |   594 |   859 |   109 ||  3376
         Punch             |     1 |     3 |     5 |    17 |    12 |    15 |    22 |     6 |     1 ||    82
         Rapier            |       |       |       |       |   253 |  1065 |   637 |       |       ||  1955
         Triple crossbow   |       |       |       |       |       |       |       |     2 |       ||     2
         Hand crossbow     |       |       |       |       |       |       |       |     7 |       ||     7
         Double sword      |       |       |       |       |       |       |       |       |    41 ||    41
   Fire: Shortbow          |       |       |       |     1 |    19 |   356 |   350 |       |       ||   726
         Hand crossbow     |       |       |       |    17 |   466 |       |       |   590 |    20 ||  1093
         Arbalest          |       |       |       |       |       |       |   150 |    48 |       ||   198
         Triple crossbow   |       |       |       |       |       |       |    78 |   181 |       ||   259
         Heavy crossbow    |       |       |       |       |       |       |       |       |   952 ||   952
  Throw: Dart              |     5 |       |    11 |     3 |     5 |     1 |     2 |       |       ||    27
         Throwing net      |       |       |       |       |       |       |     1 |       |       ||     1
   Cast: Portal Projectile |       |       |       |       |       |       |       |       |    18 ||    18
         Apportation       |       |       |       |       |       |       |       |       |     2 ||     2
         Blink             |       |       |       |       |       |       |       |       |     2 ||     2
 Invoke: Serpent's Lash    |       |       |       |     4 |    11 |    17 |    24 |    19 |    18 ||    93
Ability: Lunge             |       |     6 |    26 |    59 |    78 |   101 |   111 |    76 |    13 ||   470
         Whirlwind         |       |       |    47 |    42 |   256 |   320 |   361 |   173 |    40 ||  1239
         Wall Jump         |       |       |       |     7 |    10 |    47 |    22 |    10 |       ||    96
         Evoke Invisibilit |       |       |       |       |       |       |     1 |       |       ||     1
         Evoke Blink       |       |       |       |       |       |       |       |       |     1 ||     1
  Evoke: Wand              |       |       |       |     7 |       |       |    11 |    11 |     3 ||    32
         Box of beasts     |       |       |       |       |       |     2 |     2 |     1 |     2 ||     7
         Phial of floods   |       |       |       |       |       |       |     1 |     3 |       ||     4
         Phantom mirror    |       |       |       |       |       |       |     1 |     2 |       ||     3
    Use: Scroll            |       |     3 |     1 |     5 |    22 |     7 |     4 |    10 |    30 ||    82
         Potion            |       |       |       |     4 |     4 |     2 |       |     4 |    17 ||    31
   Stab: Sleeping          |    15 |    18 |    27 |    57 |    81 |   105 |   124 |    68 |    15 ||   510
         Distracted        |       |       |     2 |     3 |     6 |     9 |    36 |    37 |     4 ||    97
         Invisible         |       |       |       |       |     3 |       |     5 |     5 |     3 ||    16
         Paralysed         |       |       |       |       |       |       |       |     1 |       ||     1
 Armour: Robe              |     1 |       |       |       |       |       |       |       |       ||     1
         Scale mail        |     3 |    39 |     3 |       |       |       |       |       |       ||    45
         Ring mail         |       |       |    45 |   100 |   179 |   261 |   219 |    57 |       ||   861
         Skin              |       |       |       |     9 |       |       |       |       |       ||     9
         Leather armour    |       |       |       |     2 |       |       |       |       |       ||     2
         Plate armour      |       |       |       |       |       |       |       |   207 |   359 ||   566
         Storm dragon scal |       |       |       |       |       |       |       |       |   310 ||   310
  Dodge: Dodged            |    19 |    61 |   127 |   417 |   625 |   802 |   823 |   627 |   904 ||  4405
  Block: Other             |       |       |    40 |   114 |   158 |   166 |   168 |    55 |       ||   701
         Reflection        |       |       |     1 |     2 |     5 |     3 |     6 |    42 |       ||    59
         Buckler           |       |       |       |       |    25 |       |       |       |       ||    25
         Kite shield       |       |       |       |       |       |       |       |   496 |    30 ||   526

Table legend: (Time is in decaauts)
 A = Elapsed time spent in this place.
 B = Non-inter-level travel time spent in this place.
 C = Inter-level travel time spent in this place.
 D = Time resting spent in this place.
 E = Time spent auto-exploring this place.
 F = Levels seen in this place.
 G = Mean time per level.
                   A        B        C        D        E       F      G
               +--------+--------+--------+--------+--------+-----+--------+
         Total |  67477 |  54433 |  13044 |   9938 |   2385 |  58 | 1163.4 |
       Dungeon |  16393 |  12094 |   4299 |   1066 |   2172 |  15 | 1092.9 |
        Temple |      1 |      1 |      0 |      0 |      0 |   1 |    1.0 |
          Lair |   8132 |   6231 |   1901 |   1156 |    104 |   5 | 1626.4 |
         Swamp |   3759 |   3240 |    519 |   1074 |      0 |   4 |  939.8 |
   Spider Nest |   4879 |   4232 |    647 |   1112 |     64 |   4 | 1219.8 |
    Slime Pits |   1470 |   1381 |     89 |     57 |      0 |   5 |  294.0 |
  Orcish Mines |   2649 |   1928 |    721 |    446 |      0 |   2 | 1324.5 |
   Elven Halls |   5113 |   4316 |    797 |   1183 |      0 |   3 | 1704.3 |
        Vaults |   9375 |   7613 |   1762 |   1788 |      0 |   5 | 1875.0 |
        Depths |   5734 |   4514 |   1220 |    530 |     37 |   4 | 1433.5 |
           Zot |   6249 |   5164 |   1085 |    725 |      0 |   5 | 1249.8 |
        Bazaar |    132 |    132 |      0 |      0 |      0 |   1 |  132.0 |
         Sewer |     97 |     97 |      0 |      0 |      0 |   1 |   97.0 |
       Volcano |    376 |    376 |      0 |    140 |      0 |   1 |  376.0 |
    Desolation |   2330 |   2330 |      0 |    511 |      8 |   1 | 2330.0 |
      Gauntlet |    778 |    778 |      0 |    147 |      0 |   1 |  778.0 |
               +--------+--------+--------+--------+--------+-----+--------+

Top non-repeatable levels by time:
  Lair:5: 2589 daAuts
Desolation: 2330 daAuts
Vaults:1: 2304 daAuts
Vaults:4: 2086 daAuts
   Elf:3: 2050 daAuts
   Zot:2: 2029 daAuts
Vaults:2: 2013 daAuts
  Lair:4: 1875 daAuts
   Orc:2: 1860 daAuts
Depths:2: 1764 daAuts
Depths:4: 1631 daAuts
Vaults:3: 1619 daAuts
   Elf:1: 1608 daAuts
Spider:4: 1538 daAuts
    D:14: 1504 daAuts
